 Dungeon Crawl Stone Soup version 0.25-a0-577-ga4619f409e (webtiles) character file.

Game seed: 2248368988153179893, levelgen mode: deterministic

97 Flugslaktarn the Shield-Bearer (level 4, -6/40 HPs)
             Began as a Minotaur Fighter on Mar 2, 2020.
             Splashed by a jelly's acid (7 damage)
             ... on level 5 of the Dungeon.
             The game lasted 00:00:30 (1121 turns).

Flugslaktarn the Shield-Bearer (Minotaur Fighter)   Turns: 1121, Time: 00:00:31

Health: -6/40      AC:  3    Str: 22    XL:     4   Next: 42%
Magic:  3/3        EV:  7    Int:  5    God:
Gold:   41         SH:  9    Dex:  9    Spells: 3/3 levels left

rFire    . . .     SeeInvis .   a - +0 war axe
rCold    . . .     Gourm    .   c - +0 kite shield
rNeg     . . .     Faith    .   b - +0 scale mail
rPois    .         Spirit   .   (helmet restricted)
rElec    .         Reflect  .   (no cloak)
rCorr    .         Harm     .   (no gloves)
MR       .....                  (no boots)
Stlth    ..........             (no amulet)
HPRegen  0.13/turn              (no ring)
MPRegen  0.08/turn              (no ring)

@: corroded
A: retaliatory headbutt, horns 2
a: no special abilities


You were on level 5 of the Dungeon.
You were not hungry.

You visited 1 branch of the dungeon, and saw 5 of its levels.

You collected 41 gold pieces.

Inventory:

Hand Weapons
 a - a +0 war axe (weapon)
Armour
 b - a +0 scale mail (worn)
 c - a +0 kite shield (worn)
Scrolls
 h - a scroll of remove curse {unknown}
Potions
 d - a potion of might
 g - 3 potions of lignification {unknown}
 i - a potion of ambrosia {unknown}
 j - a potion of flight {unknown}
Comestibles
 e - 3 rations
 f - 2 chunks of flesh


   Skills:
 + Level 4.3 Fighting
 * Level 4.1 Axes
 + Level 4.2 Armour
 + Level 4.3 Shields


You had 3 spell levels left.
You didn't know any spells.
Your spell library was empty.

Dungeon Overview and Level Annotations

Branches:
Dungeon (5/15)
 Temple: D:4-7

Altars:


Innate Abilities, Weirdness & Mutations

You reflexively headbutt those who attack you in melee.
You have a pair of horns on your head.


Message History

You are too injured to fight recklessly!
You are too injured to fight recklessly!
You are too injured to fight recklessly!
You are too injured to fight recklessly!
A jelly is nearby!
Unknown command.
There is a stone staircase leading up here.
Found a metallic silvery potion.
A worm comes into view.
You hit the jelly.
Your hands burn!
* * * LOW HITPOINT WARNING * * *
You headbutt the jelly, but do no damage.
The jelly is severely wounded.
The jelly hits you but does no damage.
You barely miss the jelly.
The jelly is severely wounded.
You hit the worm. The jelly barely misses you. The jelly hits you.
* * * LOW HITPOINT WARNING * * *
You are splashed with acid!
You die...

#.... #.!..
#.#.# #.#.#
#.#.# #.#.#
########.#w#
#...<...J@.#
##.######.#.#
#..# ###.#
#.## .# #. .#
#. ## #. #.
#.


You could see a worm and a jelly.

Vanquished Creatures
  A worker ant (D:4)
  4 adders
  An ooze (D:2)
  A worm (D:2)
  A dart slug (D:2)
  A leopard gecko (D:2)
  2 bats
  2 giant cockroaches
  3 hobgoblins
  4 jackals (D:2)
  A ball python (D:3)
  2 frilled lizards
  2 goblins
  3 kobolds
  3 rats
31 creatures vanquished.

Notes
Turn   | Place    | Note
-------+----------+-------------------------------------------
     0 | D:1      | Flugslaktarn the Minotaur Fighter began the quest for the
                  | Orb.
     0 | D:1      | Reached XP level 1. HP: 19/19 MP: 0/0
   113 | D:2      | Reached XP level 2. HP: 27/27 MP: 1/1
   378 | D:2      | Reached XP level 3. HP: 29/33 MP: 2/2
   662 | D:3      | Found a faded altar of an unknown god.
   907 | D:4      | Identified the Disquisition on the Igneous Voyage
   953 | D:4      | Reached XP level 4. HP: 36/40 MP: 3/3
  1090 | D:5      | Entered Level 5 of the Dungeon
  1120 | D:5      | HP: 2/40 [acid (4)]
  1121 | D:5      | Splashed by a jelly's acid

Levels and vault maps discovered:
D:1:      lightli_arrival_chessboard, layout_loops_ring, minmay_cupped
D:2:      wad_river_or_something, layout_rooms
D:3:      layout_basic, first_ration, chequers_ecumenical_altar_simple_redux
D:4:      layout_loops_ring
D:5:      layout_loops_ring

Skill      XL: |  1  2  3  4 |
---------------+-------------+-----
Axes           | 3 4 |  4.1
Fighting       | 4 |  4.3
Armour         | 4 |  4.2
Shields        | 4 |  4.3

Action                   |  1- 3 |  4- 6 || total
-------------------------+-------+-------++-------
Melee: War axe           |    67 |    16 ||    83
       Headbutt          |    11 |     4 ||    15
  Eat: Chunk             |       |     1 ||     1
Armor: Scale mail        |    47 |     5 ||    52
Dodge: Dodged            |    28 |     4 ||    32
Block: Kite shield       |    41 |     9 ||    50

Table legend:
 A = Non-vault XP
 B = Vault XP
 C = Vault XP percentage of total XP
 D = Non-vault monster count
 E = Vault monster count
 F = Vault count percentage of total count
                 A         B        C        D         E       F
            +---------+---------+-------+---------+---------+-------
      Total |     121 |      18 |  12.9 |      29 |       2 |   6.5
            +---------+---------+-------+---------+---------+-------
        D:1 |       7 |       0 |   0.0 |       4 |       0 |   0.0
        D:2 |      47 |      18 |  27.7 |      17 |       2 |  10.5
        D:3 |      20 |       0 |   0.0 |       6 |       0 |   0.0
        D:4 |      47 |       0 |   0.0 |       2 |       0 |   0.0
            +---------+---------+-------+---------+---------+-------
